 Dungeon Sprint DCSS version 0.29.1-2-gbd0b4ee654 (webtiles) character file.

Game seed: 11640089027711121597

5500000 raph the Axe Maniac (level 25, -17/214 HPs)
             Began as a Djinni Warper on Nov 29, 2022.
             Was the Champion of Makhleb.
             Demolished by The Servant
             ... wielding a +9 glaive of flaming
              (130 damage)
             ... in the Dungeon (Sprint VIII: "Arena of Blood").
             The game lasted 00:03:07 (55 turns).

raph the Axe Maniac (Djinni Warper)                   Turns: 55, Time: 00:03:08

Health: -17/214    AC:  6    Str: 10      XL:     25   Next: 40%
Gold:   0          EV: 32    Int: 17      God:    Makhleb [******] SH:  0 Dex: 21 (23)

rFire   + + .      SeeInvis .   i - +∞ Axe of Woe
rCold   x . .      Faith    .   (shield currently unavailable)
rNeg    . . .      Spirit   .   b - +0 leather armour
rPois   ∞          Reflect  .   (no helmet)
rElec   .          Harm     .   (no cloak)
rCorr   .          Rampage  .   (no gloves)
Will    ++...      NoTele   +   (boots unavailable)
Stlth   ++++++++++              (no amulet)
HPRegen 0.45/turn               l - +200 ring of slaying
MPRegen 0.00/turn               k - +200 ring of slaying

@: flying
A: sickness immunity, fire resistance 2, cold vulnerability 1, float, innate
caster, HP casting, extra vitality 1
a: Renounce Religion, Minor Destruction, Lesser Servant of Makhleb, Major
Destruction, Greater Servant of Makhleb


You were in the Dungeon.
You worshipped Makhleb.
Makhleb was exalted by your worship.
You visited 1 branch

Inventory:

Hand Weapons
 a - a +0 hand axe
 i - the +∞ Axe of Woe (weapon)
   (You found it in the Dungeon)
Missiles
 d - 5 boomerangs of dispersal (quivered)
Armour
 b - a +0 leather armour (worn)
Jewellery
 j - a +30 ring of slaying
 k - a +200 ring of slaying (right hand)
 l - a +200 ring of slaying (left hand)
Scrolls
 c - 2 scrolls of blinking
Potions
 e - a potion of curing
 f - a potion of heal wounds
 g - a potion of haste
 h - a potion of berserk rage


   Skills:
 O Level 27 Fighting
 O Level 27 Axes
 + Level 25.8(27) Maces & Flails
 + Level 25.8(27) Polearms
 O Level 27 Throwing
 O Level 27 Armour
 O Level 27 Dodging
 O Level 27 Stealth
 O Level 27 Unarmed Combat
 O Level 27 Spellcasting
 O Level 27 Invocations


You couldn't memorise any spells.
You knew the following spells:

 Your Spells              Type           Power      Damage    Failure   Level
a - Blink                 Tloc           100%       N/A       0%          2
b - Lesser Beckoning      Tloc           86%        N/A       0%          3
c - Gell's Gravitas       Tloc           86%        N/A       0%          3
d - Teleport Other        Tloc           86%        N/A       0%          3
e - Manifold Assault      Tloc           86%        N/A       0%          5
f - Slow                  Hex            100%       N/A       0%          1
g - Passwall              Tmut/Erth      71%        N/A       0%          2
h - Vampiric Draining     Necr           86%        2d12      0%          3
i - Spider Form           Tmut/Pois      86%        N/A       0%          3
j - Corpse Rot            Necr/Pois/Air  86%        N/A       0%          4
k - Alistair's Intoxicat  Tmut/Pois      57%        N/A       0%          5
l - Summon Cactus Giant   Summ           43%        N/A       0%          6
m - Monstrous Menagerie   Summ           43%        N/A       1%          7
n - Enfeeble              Hex            43%        N/A       1%          7
o - Maxwell's Capacitive  Air            43%        ∞         1%          8
p - Ignition              Fire           43%        3d12      1%          8
q - Death's Door          Necr           43%        N/A       2%          9
Your spell library was empty.

Dungeon Overview and Level Annotations

Branches:
Dungeon (1/1)

Altars:
Makhleb

Annotations:
D The Servant


Innate Abilities, Weirdness & Mutations

You are immune to sickness and miasma.
You are immune to poison.
Your flesh is very heat resistant. (rF++)
You are vulnerable to cold. (rC-)
You float through the air rather than walking.
You learn spells naturally, not from books.
Your magical power is your life essence.
You have superior vitality. (+4 MHP)


Message History

Your base Polearms skill gained 4 levels and is now at level 25!
You have reached level 25!
The power to cast Death's Door wells up from within.
Spell assigned to 'q'.
Casting: Blink (safe; 0% risk of failure)
Confirm with . or Enter, or press ? or * to list all spells.
Space momentarily warps into an impossible shape!
You carve the sculptor of flesh like a ham!!!!!
You slaughter the sculptor of flesh joyfully.
You destroy the sculptor of flesh!
Makhleb accepts your kill.
You feel better.
You slice the accursed like a ripe choko!!!
You fatally mangle the accursed.
You destroy the accursed!
Makhleb accepts your kill.
You feel better.
You open the bag of meat like a pillowcase!!!!!
You chop the bag of meat into pieces.
You kill the bag of meat!
Makhleb accepts your kill.
You feel better.
You open the bag of meat like a pillowcase!!!!
You chop the bag of meat into pieces.
You kill the bag of meat!
Makhleb accepts your kill.
You feel better.
You feel extremely nervous for a moment...
You are engulfed in negative energy!
You feel clumsy.
You hear a shout! x3
A bag of meat comes into view. It is wielding a +9 war axe.
The destroyer points at you and mumbles some strange words.
The destroyer blinks!
The accursed casts a spell at you. Something smites you!
You hear a shout!
The Servant hits you from afar with a +9 glaive of flaming!!!!
Ouch! That really hurt!
You die...

. #... ..# ...###...
..###.....
........###........).
#.......o_......ooo..
...). #..)..#...)oo.#
......#☼☼<._#.V..§...
......#☼☼)..#.ooo..#.
#.....○))_).)oo..o...
......§☼###.)@Ooz...#
...###.))...)###§....
.. #.)..L.@# ...
#......o# .
)).....)..
.......M...
O)......)..
...........#


You could see an accursed, a tyrant (fast), The Servant, a destroyer, a sculptor
of flesh, a meat berserker (berserk) and 14 bags of meat.

Vanquished Creatures
  A royal mummy (D)
  6 vampire knights (D)
  15 ogres (D)
  3 two-headed ogres (D)
  A lich (D)
  A hydra (D)
  32 orcs (D)
  5 skeletal warriors (D)
64 creatures vanquished.

Notes
Turn   | Place    | Note
-------+----------+-------------------------------------------
     0 | D        | Found the +∞ Axe of Woe
     0 | D        | raph the Djinni Warper began the quest for the Orb.
     0 | D        | raph set off with the following spells memorised: Blink,
                  | Lesser Beckoning, Gell's Gravitas, Teleport Other, Manifold
                  | Assault.
     0 | D        | Reached XP level 1. HP: 18/18 MP: 0/0
     2 | D        | Noticed a bag of meat
     2 | D        | Noticed a bag of meat
     4 | D        | Became a worshipper of Makhleb the Destroyer
     8 | D        | Killed a bag of meat
     9 | D        | Reached skill level 10 in Armour
     9 | D        | Reached XP level 2. HP: 37/37 MP: 0/0
     9 | D        | Reached XP level 3. HP: 42/42 MP: 0/0
     9 | D        | Learned a level 1 spell: Slow
     9 | D        | Reached XP level 4. HP: 49/49 MP: 0/0
     9 | D        | Reached XP level 5. HP: 53/53 MP: 0/0
     9 | D        | Learned a level 2 spell: Passwall
     9 | D        | Reached XP level 6. HP: 59/59 MP: 0/0
     9 | D        | Reached XP level 7. HP: 65/65 MP: 0/0
     9 | D        | Learned a level 3 spell: Vampiric Draining
     9 | D        | Reached XP level 8. HP: 71/71 MP: 0/0
     9 | D        | Reached XP level 9. HP: 76/76 MP: 0/0
     9 | D        | Learned a level 3 spell: Spider Form
     9 | D        | Reached XP level 10. HP: 82/82 MP: 0/0
     9 | D        | Reached XP level 11. HP: 87/87 MP: 0/0
     9 | D        | Learned a level 4 spell: Corpse Rot
     9 | D        | Noticed a bag of meat
     9 | D        | Noticed a bag of meat
     9 | D        | Noticed a bag of meat
     9 | D        | Noticed a bag of meat
     9 | D        | Noticed a bag of meat
     9 | D        | Noticed a meat berserker
    10 | D        | Killed a meat berserker
    10 | D        | Reached * piety under Makhleb
    10 | D        | Killed a bag of meat
    10 | D        | Noticed a meat berserker
    10 | D        | Noticed a bag of meat
    10 | D        | Noticed a bag of meat
    11 | D        | Reached XP level 12. HP: 89/94 MP: 0/0
    11 | D        | Reached XP level 13. HP: 94/99 MP: 0/0
    11 | D        | Learned a level 5 spell: Alistair's Intoxication
    11 | D        | Killed a bag of meat
    11 | D        | Killed a bag of meat
    11 | D        | Reached ** piety under Makhleb
    11 | D        | Noticed a bag of meat
    11 | D        | Noticed a bag of meat
    12 | D        | Reached XP level 14. HP: 94/105 MP: 0/0
    12 | D        | Noticed a meat berserker
    12 | D        | Noticed a bag of meat
    12 | D        | Noticed a bag of meat
    12 | D        | Noticed a meat berserker
    12 | D        | Noticed a bag of meat
    12 | D        | Noticed a bag of meat
    12 | D        | Noticed a bag of meat
    12 | D        | Noticed a bag of meat
    12 | D        | Noticed a bag of meat
    13 | D        | Killed a meat berserker
    13 | D        | Killed a bag of meat
    14 | D        | Reached skill level 27 in Axes
    14 | D        | Reached XP level 15. HP: 25/115 MP: 0/0
    14 | D        | Learned a level 6 spell: Summon Cactus Giant
    14 | D        | Killed a meat berserker
    14 | D        | Reached *** piety under Makhleb
    14 | D        | Noticed a meat berserker
    15 | D        | Reached XP level 16. HP: 100/130 MP: 0/0
    17 | D        | Killed a meat berserker
    17 | D        | Reached **** piety under Makhleb
    18 | D        | Noticed a meat berserker
    19 | D        | Reached XP level 17. HP: 112/144 MP: 0/0
    19 | D        | Learned a level 7 spell: Monstrous Menagerie
    19 | D        | Noticed a destroyer
    19 | D        | Killed a meat berserker
    21 | D        | Reached ***** piety under Makhleb
    22 | D        | Killed a destroyer
    23 | D        | Reached skill level 27 in Dodging
    23 | D        | Reached XP level 18. HP: 166/166 MP: 0/0
    25 | D        | Reached skill level 27 in Fighting
    25 | D        | Reached skill level 27 in Armour
    25 | D        | Killed a meat berserker
    25 | D        | Noticed a large bag of meat
    26 | D        | Reached skill level 10 in Spellcasting
    26 | D        | Reached XP level 19. HP: 174/174 MP: 0/0
    26 | D        | Learned a level 7 spell: Enfeeble
    26 | D        | Reached ****** piety under Makhleb
    27 | D        | Reached skill level 10 in Stealth
    27 | D        | Noticed a large bag of meat
    28 | D        | Noticed an eight-headed meat hydra
    29 | D        | Killed a large bag of meat
    30 | D        | Noticed a sculptor of flesh
    30 | D        | Noticed a large bag of meat
    30 | D        | Noticed a destroyer
    31 | D        | Killed a nine-headed meat hydra
    32 | D        | Reached skill level 15 in Spellcasting
    32 | D        | Reached XP level 20. HP: 181/181 MP: 0/0
    32 | D        | Noticed a meat berserker
    32 | D        | Noticed a meat berserker
    33 | D        | Killed a destroyer
    34 | D        | Noticed a destroyer
    34 | D        | Killed a destroyer
    36 | D        | Killed a large bag of meat
    37 | D        | Reached XP level 21. HP: 169/187 MP: 0/0
    37 | D        | Learned a level 8 spell: Maxwell's Capacitive Coupling
    39 | D        | Killed a meat berserker
    39 | D        | Killed a meat berserker
    39 | D        | Killed a large bag of meat
    40 | D        | Noticed a destroyer
    41 | D        | Noticed a meat berserker
    42 | D        | Noticed a meat berserker
    44 | D        | Reached XP level 22. HP: 139/194 MP: 0/0
    44 | D        | Noticed a meat berserker
    44 | D        | Noticed a destroyer
    44 | D        | Noticed a destroyer
    44 | D        | Noticed a meat berserker
    44 | D        | Noticed The Servant
    45 | D        | Noticed a meat berserker
    46 | D        | Noticed a meat berserker
    46 | D        | Noticed an accursed
    47 | D        | Reached skill level 27 in Invocations
    47 | D        | Killed a meat berserker
    47 | D        | Killed a destroyer
    47 | D        | Noticed a destroyer
    48 | D        | Reached skill level 27 in Throwing
    48 | D        | Reached skill level 27 in Stealth
    48 | D        | Noticed a meat berserker
    48 | D        | Killed a meat berserker
    49 | D        | Reached skill level 27 in Spellcasting
    49 | D        | Reached skill level 5 in Unarmed Combat
    49 | D        | Reached XP level 23. HP: 201/201 MP: 0/0
    49 | D        | Learned a level 8 spell: Ignition
    49 | D        | Noticed an accursed
    50 | D        | Noticed a tyrant
    51 | D        | Killed a destroyer
    51 | D        | Noticed a tyrant
    52 | D        | Reached skill level 27 in Unarmed Combat
    52 | D        | Reached XP level 24. HP: 23/208 MP: 0/0
    52 | D        | Killed a destroyer
    54 | D        | Killed a tyrant
    55 | D        | Reached XP level 25. HP: 50/214 MP: 0/0
    55 | D        | Learned a level 9 spell: Death's Door
    55 | D        | Killed an accursed
    55 | D        | Demolished by The Servant

Illustrated notes

Levels and vault maps discovered:
D:        meatsprint

Skill      XL: |  1  2  3  4  5  6  7  8  9 10 11 12 13 14 15 16 17 18 19 20 21 22 23 24 |
---------------+-------------------------------------------------------------------------+-----
Fighting       | 11 13 16 20 26 27 | 27.0
Axes           | 9 21 24 27 | 27.0
Throwing       | 9 11 16 20 23 27 | 27.0
Armour         | 10 13 16 20 26 27 | 27.0
Dodging        | 12 14 18 21 27 | 27.0
Spellcasting   | 8 10 15 19 22 27 | 27.0
Stealth        | 7 14 20 24 27 | 27.0
Invocations    | 8 16 22 25 27 | 27.0
Unarmed Combat | 5 27 | 27.0
Maces & Flails | 11 25 | 25.8
Polearms       | 11 25 | 25.8

Action                   |  1- 3 |  4- 6 |  7- 9 | 10-12 | 13-15 | 16-18 | 19-21 | 22-24 | 25-27 || total
-------------------------+-------+-------+-------+-------+-------+-------+-------+-------+-------++-------
Melee: Executioner's axe |     1 |       |       |     2 |     5 |     8 |     8 |    10 |     4 ||    38
Throw: Boomerang         |     2 |       |       |       |       |       |       |       |       ||     2
 Cast: Manifold Assault  |       |       |       |     1 |     2 |       |       |       |     1 ||     4
       Blink             |       |       |       |       |       |       |       |     1 |       ||     1
Dodge: Dodged            |       |       |       |       |       |       |       |     1 |       ||     1
